 Dungeon Crawl Stone Soup version 0.22.1-2-g9c5b331 (webtiles) character file.

5901 whitewolfNL the Cruncher (level 10, 0/85 (86) HPs)
             Began as a Minotaur Berserker on Dec 26, 2018.
             Was a High Priest of Trog.
             Slain by a two-headed ogre
             ... wielding a +0 great mace
              (17 damage)
             ... on level 9 of the Dungeon.
             The game lasted 00:36:10 (7420 turns).

whitewolfNL the Cruncher (Minotaur Berserker)       Turns: 7420, Time: 00:36:10

HP:   0/85 (86)     AC: 15    Str: 23    XL:     10   Next: 53%
MP:   13/13         EV:  9    Int:  5    God:    Trog [*****.]
Gold: 439           SH:  0    Dex: 11    Spells: 9/9 levels left

rFire    . . .     SeeInvis .   H - +6 quarterstaff of Sloth {flame, MR+}
rCold    + . .     Gourm    +   (shield currently unavailable)
rNeg     . . .     Faith    .   b - +0 plate armour
rPois    .         Spirit   .   (helmet restricted)
rElec    .         Reflect  .   s - +0 cloak
rCorr    .         Harm     .   (no gloves)
MR       +....                  (no boots)
Stlth    ..........             M - amulet of the gourmand
HPRegen  0.24/turn              B - ring of flight
MPRegen  0.13/turn              R - ring of protection from cold

@: no status effects
A: retaliatory headbutt, horns 2
a: Berserk, Trog's Hand, Brothers in Arms, Renounce Religion, Evoke Flight


You were on level 9 of the Dungeon.
You worshipped Trog.
Trog was extremely pleased with you.
You were not hungry.

You visited 1 branch of the dungeon, and saw 9 of its levels.

You collected 439 gold pieces.

Inventory:

Hand Weapons
 h - a +1 morningstar of protection
 r - a +1 war axe of electrocution
 G - a +0 shortbow
 H - the +6 quarterstaff of Sloth (weapon) {flame, MR+}
   (You found it on level 5 of the Dungeon)

   It has been specially enchanted to burn those struck by it, causing extra
   injury to most foes and up to half again as much damage against particularly
   susceptible opponents.
   It affects your resistance to hostile enchantments.
 T - a +3 fustibalus of freezing
Missiles
 a - 73 bolts
 j - 133 arrows
 n - 28 poisoned needles
 A - 61 sling bullets
 Q - 8 silver tomahawks (quivered)
Armour
 b - a +0 plate armour (worn)
 s - a +0 cloak (worn)
Jewellery
 B - a ring of flight (left hand)
 M - an amulet of the gourmand (around neck)
 R - a ring of protection from cold (right hand)
Wands
 o - a wand of disintegration (15)
 u - a wand of polymorph (13)
 E - a wand of paralysis (25)
 S - a wand of iceblast (10)
Scrolls
 d - 2 scrolls of fog {unknown}
 f - 2 scrolls of amnesia {unknown}
 i - 3 scrolls of magic mapping
 k - 2 scrolls of blinking
 m - 3 scrolls of immolation
 q - a scroll of enchant weapon {unknown}
 v - 3 scrolls of remove curse
 y - a scroll of fear
 C - 2 scrolls of noise {unknown}
 F - 5 scrolls of teleportation
 I - a scroll of summoning {unknown}
 O - a scroll of random uselessness {unknown}
Potions
 g - 3 potions of curing
 l - 2 potions of berserk rage
 p - 2 potions of lignification
 t - a potion of brilliance {unknown}
 x - a potion of resistance {unknown}
 z - 2 potions of might
 D - a potion of degeneration {unknown}
 K - 2 potions of haste
 L - a potion of ambrosia {unknown}
Comestibles
 c - 16 rations


   Skills:
 + Level 7.1 Fighting
 - Level 2.4(4.8) Axes
 - Level 6.5(10.0) Maces & Flails
 * Level 11.3(12.0) Staves
 * Level 0.4 Slings
 + Level 8.3 Armour
 * Level 5.6 Dodging
 * Level 5.5 Evocations


You had 9 spell levels left.
You didn't know any spells.
Your spell library was empty.

Dungeon Overview and Level Annotations

Branches:
Dungeon (9/15)             Temple (0/1) D:7
   Lair: D:8-11         Orc: D:9-12

Altars:
Ashenzari
Elyvilon
Fedhas
Kikubaaqudgha
Nemelex Xobeh
Uskayaw
Xom
Zin


Innate Abilities, Weirdness & Mutations

You reflexively headbutt those who attack you in melee.
You have a pair of horns on your head.


Message History

The two-headed ogre is moderately wounded.
You barely miss the two-headed ogre.
The two-headed ogre is moderately wounded.
The two-headed ogre hits you but does no damage. x2
You hit the two-headed ogre. You burn the two-headed ogre.
The two-headed ogre is moderately wounded.
You barely miss the two-headed ogre.
The two-headed ogre is moderately wounded.
The two-headed ogre closely misses you. You furiously retaliate!
You headbutt the two-headed ogre.
The two-headed ogre hits you with a giant spiked club!
* * * LOW HITPOINT WARNING * * *
Your plate armour prevents you from hitting the two-headed ogre.
The two-headed ogre is heavily wounded.
Your plate armour prevents you from hitting the two-headed ogre.
You headbutt the two-headed ogre.
The two-headed ogre is heavily wounded.
The two-headed ogre barely misses you.
The two-headed ogre hits you with a giant spiked club!
You die...

....#.#.........###......
........>.........#.....
.. ...#.................
...................##
..................#
................#
................##
..........O.%...#..
.........@.........
#.................
#.................
......#####...#... .....
...# .. .... ..... . ...
...... ... .....


You could see a two-headed ogre.

Vanquished Creatures
  A two-headed ogre (D:8)
  An unseen horror (D:7)
  Pikel (D:6)
  A queen bee (D:9)
  A hippogriff (D:9)
  Sigmund (D:3)
  2 ice beasts
  A hornet zombie (D:7)
  A necrophage (D:8)
  2 orc warriors
  An ogre (D:7)
  4 sky beasts
  A slave (D:6)
  A crocodile (D:8)
  A centaur (D:5)
  2 big kobolds
  A gnoll sergeant (D:9)
  3 bullfrogs
  A scorpion (D:7)
  A water moccasin skeleton (D:5)
  17 killer bees (D:9)
  4 howler monkeys
  3 crimson imps
  A bullfrog zombie (D:5)
  2 hounds (D:5)
  A quasit (D:8)
  6 orc priests
  4 iguanas
  6 orc wizards
  3 worker ants
  A hound skeleton (D:6)
  12 gnolls
  8 adders
  2 shadow imps
  3 oozes
  6 worms
  4 adder skeletons
  2 dart slugs
  7 leopard geckos
  23 orcs
  11 bats
  5 giant cockroaches
  11 goblins
  7 hobgoblins
  9 jackals
  25 kobolds
  2 ball pythons
  6 frilled lizards
  A quokka skeleton (D:6)
  13 rats
233 creatures vanquished.

Vanquished Creatures (others)
  A slave (D:7)
  A hound (D:7)
  A worker ant (D:6)
  2 gnolls (D:6)
  An adder (D:7)
  A quokka (D:7)
7 creatures vanquished.

Grand Total: 240 creatures vanquished

Notes
Turn   | Place    | Note
-------+----------+-------------------------------------------
     0 | D:1      | whitewolfNL the Minotaur Berserker began the quest for the
                  | Orb.
     0 | D:1      | Reached XP level 1. HP: 19/19 MP: 0/0
   226 | D:1      | Reached XP level 2. HP: 27/27 MP: 1/1
   440 | D:1      | Reached XP level 3. HP: 32/33 MP: 2/2
   452 | D:1      | Reached ** piety under Trog
  1001 | D:2      | Reached skill level 5 in Maces & Flails
  1115 | D:2      | Reached XP level 4. HP: 38/40 MP: 3/3
  1608 | D:3      | Noticed Sigmund
  1616 | D:3      | Killed Sigmund
  1616 | D:3      | Reached skill level 1 in Evocations
  1616 | D:3      | Reached XP level 5. HP: 47/47 MP: 4/4
  1622 | D:3      | Reached XP level 6. HP: 47/53 MP: 5/5
  1706 | D:3      | Reached *** piety under Trog
  1717 | D:3      | Found an ancient bone altar of Kikubaaqudgha.
  1926 | D:3      | Found a glowing silver altar of Zin.
  1926 | D:3      | Found a shattered altar of Ashenzari.
  1926 | D:3      | Found a sparkling altar of Nemelex Xobeh.
  1927 | D:3      | Found a shimmering altar of Xom.
  2207 | D:4      | Reached skill level 5 in Armour
  2522 | D:4      | Reached XP level 7. HP: 60/60 MP: 7/7
  2743 | D:5      | Entered Level 5 of the Dungeon
  2762 | D:5      | Reached **** piety under Trog
  2794 | D:5      | Got an ichor-stained quarterstaff
  2817 | D:5      | Identified the +6 quarterstaff of Sloth {flame, MR+} (You
                  | found it on level 5 of the Dungeon)
  3026 | D:5      | Reached skill level 1 in Staves
  3227 | D:5      | Reached skill level 2 in Staves
  3439 | D:6      | Reached skill level 5 in Fighting
  3439 | D:6      | Reached skill level 3 in Staves
  3439 | D:6      | Reached XP level 8. HP: 68/68 MP: 9/9
  3469 | D:6      | Reached skill level 4 in Staves
  3534 | D:6      | Noticed Pikel
  3557 | D:6      | Killed Pikel
  3557 | D:6      | Reached skill level 6 in Staves
  3561 | D:6      | Reached skill level 7 in Staves
  3835 | D:6      | Reached XP level 9. HP: 61/74 MP: 11/11
  3894 | D:6      | Reached skill level 8 in Staves
  4069 | D:6      | Reached ***** piety under Trog
  4312 | D:7      | Found the +3 giant club "Skullcrusher" {speed, Str+7}
  4798 | D:7      | Found a blossoming altar of Fedhas.
  4827 | D:7      | Found a white marble altar of Elyvilon.
  4848 | D:7      | Reached skill level 9 in Staves
  5349 | D:7      | Killed an unseen horror
  5349 | D:7      | Reached skill level 10 in Staves
  5618 | D:7      | Found a staircase to the Ecumenical Temple.
  5799 | D:7      | Reached skill level 5 in Evocations
  5936 | D:8      | Found a hide-covered altar of Uskayaw.
  6127 | D:8      | Noticed a two-headed ogre
  6139 | D:8      | Killed a two-headed ogre
  6139 | D:8      | Reached skill level 5 in Dodging
  6139 | D:8      | Reached XP level 10. HP: 56/83 MP: 12/12
  6737 | D:9      | Received a gift from Trog
  6905 | D:9      | Reached skill level 11 in Staves
  7403 | D:9      | Noticed a two-headed ogre
  7420 | D:9      | Slain by a two-headed ogre

Skill      XL: |  1  2  3  4  5  6  7  8  9 10 |
---------------+-------------------------------+-----
Maces & Flails | 4 5 6 |  6.5
Fighting       | 4 5 6 7 |  7.1
Armour         | 3 4 5 6 7 8 |  8.3
Axes           | 2 |  2.4
Dodging        | 3 5 |  5.6
Evocations     | 1 2 3 4 5 |  5.5
Staves         | 3 7 10 11 | 11.3
Slings         | |  0.4

Action                   |  1- 3 |  4- 6 |  7- 9 | 10-12 || total
-------------------------+-------+-------+-------+-------++-------
Melee: Mace              |    76 |     2 |       |       ||    78
       Headbutt          |    11 |    15 |    43 |    13 ||    82
       War axe           |       |    48 |       |       ||    48
       Flail             |       |    63 |    21 |       ||    84
       Quarterstaff      |       |       |   183 |    99 ||   282
Invok: Berserk           |     1 |     3 |     8 |     3 ||    15
  Use: Scroll            |       |       |    12 |     1 ||    13
  Eat: Chunk             |     2 |     6 |    14 |    10 ||    32
       Ration            |       |       |     2 |       ||     2
Armor: Plate armour      |    56 |    84 |   169 |    67 ||   376
Dodge: Dodged            |    37 |    51 |    93 |    50 ||   231
